 Dungeon Crawl Stone Soup version 0.20.1-1-g8b1a95d (webtiles) character file.

9657 schauveau the Markscentaur (level 11, -18/95 HPs)
             Began as a Centaur Hunter on Dec 2, 2017.
             Was a High Priest of Makhleb.
             Hit by a large rock thrown by a cyclops (27 damage)
             ... on level 10 of the Dungeon.
             The game lasted 00:31:17 (11967 turns).

schauveau the Markscentaur (Centaur Hunter)        Turns: 11967, Time: 00:31:18

Health: -18/95     AC: 14    Str: 16    XL:     11   Next: 25%
Magic:  14/14      EV:  7    Int: 10    God:    Makhleb [*****.]
Gold:   414        SH:  0    Dex: 12    Spells: 10/10 levels left

rFire    . . .     SeeInvis .   a - +3 shortbow
rCold    . . .     Gourm    .   (shield currently unavailable)
rNeg     . . .     Faith    .   D - +0 chain mail
rPois    .         Spirit   .   i - +2 helmet
rElec    .         Reflect  .   v - scarf {cloud immunity}
rCorr    +         Harm     .   o - +1 pair of gloves
MR       .....                  (no barding)
Stlth    ..........             (no amulet)
Regen    0.3/turn               I - ring of resist corrosion
MPRegen  0.2/turn               B - +2 ring of evasion

@: barbed spikes, very slightly contaminated, very quick
A: hooves 3, deformed body, speed 2, tough skin 3
a: Minor Destruction, Lesser Servant of Makhleb, Major Destruction, Greater
Servant of Makhleb, Renounce Religion


You were on level 10 of the Dungeon.
You worshipped Makhleb.
Makhleb was extremely pleased with you.
You were not hungry.

You visited 2 branches of the dungeon, and saw 11 of its levels.

You collected 596 gold pieces.
You spent 182 gold pieces at shops.

Inventory:

Hand Weapons
 a - a +3 shortbow (weapon)
 b - a +0 halberd of freezing
 s - a +2 flail of draining
 A - a +0 short sword
Missiles
 d - 109 arrows (quivered)
 y - 7 tomahawks
Armour
 i - a +2 helmet (worn)
 o - a +1 pair of gloves (worn)
 v - a scarf of cloud immunity (worn)
 D - a +0 chain mail (worn)
Jewellery
 m - an uncursed ring of positive energy
 B - a +2 ring of evasion (right hand)
 I - a ring of resist corrosion (left hand)
Wands
 n - a wand of random effects (28/48)
 G - a wand of flame (32/48)
Scrolls
 h - 7 scrolls of remove curse
 j - a scroll of identify
 k - a scroll of fear
 p - a scroll of blinking
 t - 3 scrolls of recharging
 H - 2 scrolls of immolation
 J - 2 scrolls of amnesia
 K - a scroll of enchant armour
 M - a scroll of fog {unknown}
Potions
 c - a potion of resistance
 e - a potion of berserk rage
 r - 3 potions of brilliance
 u - a potion of haste
 w - 3 potions of curing
 z - a potion of mutation
 E - 3 potions of lignification
 L - a potion of magic {unknown}
Books
 C - a book of Necromancy

   Spells                             Type                      Level
   a - Pain                           Necromancy                   1
   b - Animate Skeleton               Necromancy                   1
   c - Vampiric Draining              Necromancy                   3
   d - Regeneration                   Charms/Necromancy            3
   e - Animate Dead                   Necromancy                   4
   f - Control Undead                 Necromancy                   4
 F - a book of Geomancy

   Spells                             Type                      Level
   a - Sandblast                      Earth                        1
   b - Passwall                       Transmutation/Earth          2
   c - Stone Arrow                    Conjuration/Earth            3
   d - Petrify                        Transmutation/Earth          4
   e - Lee's Rapid Deconstruction     Earth                        5
Comestibles
 f - 12 bread rations
 g - 9 meat rations
 l - a chunk of flesh
 q - 18 royal jellies
 x - 3 fruits


   Skills:
 + Level 8.6 Fighting
 + Level 6.1 Polearms
 * Level 15.4 Bows
 + Level 4.8 Armour
 - Level 1.3 Dodging
 - Level 0.4 Stealth
 + Level 4.0 Invocations


You had 10 spell levels left.
You didn't know any spells.

Dungeon Overview and Level Annotations

Branches:
Dungeon (10/15)            Temple (1/1) D:4            Lair (0/6) D:9
    Orc: D:9-12

Altars:
Ashenzari
Cheibriados
Dithmenos
Elyvilon
Fedhas
Gozag
Hepliaklqana
Kikubaaqudgha
Makhleb
Nemelex Xobeh
Okawaru
Qazlal
Ru
Sif Muna
Trog
Uskayaw
Vehumet
Xom
Yredelemnul
Zin
The Shining One

Shops:
D:5 *   D:9 }


Innate Abilities, Weirdness & Mutations

You have hooves in place of feet.
Armour fits poorly on your strangely shaped body.
You cover ground very quickly.
You have extremely tough skin. (AC +3)


Message History

Firing (i - inventory. (,) - cycle):
d - 112 arrows (quivered)
Press: ? - help, Shift-Dir - straight line, f/p - bullfrog skeleton
Aim: a bullfrog skeleton (heavily damaged)
You shoot an arrow. The arrow hits the bullfrog skeleton.
The bullfrog skeleton is severely damaged.
The bullfrog skeleton hits you but does no damage.
Firing (i - inventory. (,) - cycle):
d - 111 arrows (quivered)
Press: ? - help, Shift-Dir - straight line, f/p - bullfrog skeleton
Aim: a bullfrog skeleton (severely damaged)
You shoot an arrow. The arrow hits the bullfrog skeleton!
You destroy the bullfrog skeleton!
Makhleb accepts your kill.
You feel better.
Firing (i - inventory. (,) - cycle):
d - 110 arrows (quivered)
Press: ? - help, Shift-Dir - straight line, f - cyclops
Aim: a cyclops (heavily wounded)
You shoot an arrow. The arrow hits the cyclops!
The cyclops is severely wounded.
The cyclops throws a large rock.
The large rock hits you!!
You die...

#(......# ..
######(.)⌠|.
.#.(#..#(... ..
....#..((.## ...
...###..()(# ....#
#...(C..#..# #... ##
#.......#### #...
#$.#.(###..#..# #..#
#...@..#......# ....
##..#.$#..#..###..#
..... ######.......#
....... #..#.......#
..##.... #.....###.....
. ..#...###...).# ....#
...#........#..# #...
.#..#........#######...
#........#..#..#...


You could see a cyclops.

Vanquished Creatures
  2 two-headed ogres (D:9)
  A manticore (D:10)
  A centaur zombie (D:10)
  Joseph (D:7)
  A troll (D:9)
  2 hippogriffs
  The ghost of Frank the Slasher, an amateur OpFi (D:4)
  A human (D:7)
  4 hogs (D:7)
  6 yaks
  2 wargs (D:9)
  4 sky beasts
  A phantom (D:9)
  3 ice beasts
  5 ogres
  3 orc warriors
  8 centaurs
  3 big kobolds
  8 bullfrogs
  5 scorpions
  A wyvern skeleton (D:8)
  6 wights (D:10)
  2 crimson imps
  2 bullfrog zombies
  3 hounds
  A quasit (D:7)
  A centaur skeleton (D:9)
  4 orc priests
  2 bullfrog skeletons
  7 orc wizards
  Jessica (D:3)
  4 iguanas
  Natasha (thrice) (D:3)
  9 worker ants
  Robin (D:3)
  A howler monkey skeleton (D:4)
  8 gnolls
  14 adders
  2 oozes
  An adder zombie (D:7)
  4 worms
  A dart slug (D:1)
  11 leopard geckos
  34 orcs
  6 bats
  2 giant cockroaches
  16 goblins
  15 hobgoblins
  26 jackals
  21 kobolds
  2 quokkas
  3 ball pythons
  6 frilled lizards
  3 quokka skeletons
  11 rats
296 creatures vanquished.

Notes
Turn   | Place    | Note
-------+----------+-------------------------------------------
     0 | D:1      | schauveau the Centaur Hunter began the quest for the Orb.
     0 | D:1      | Reached XP level 1. HP: 17/17 MP: 1/1
   110 | D:1      | Reached XP level 2. HP: 24/24 MP: 2/2
   408 | D:1      | Reached skill level 6 in Bows
   737 | D:1      | Reached XP level 3. HP: 17/30 MP: 3/3
   908 | D:2      | Found a sacrificial altar of Ru.
  1088 | D:2      | Found a shimmering altar of Xom.
  1088 | D:2      | Found a basalt altar of Yredelemnul.
  1656 | D:3      | Found a hide-covered altar of Uskayaw.
  1657 | D:3      | Noticed Robin
  1694 | D:3      | Reached XP level 4. HP: 38/38 MP: 4/4
  1722 | D:3      | Killed Robin
  1787 | D:3      | Noticed Natasha
  1800 | D:3      | Killed Natasha
  1800 | D:3      | Reached skill level 7 in Bows
  1887 | D:3      | Noticed Natasha
  1889 | D:3      | Killed Natasha
  2013 | D:3      | Noticed Jessica
  2020 | D:3      | Killed Jessica
  2020 | D:3      | Reached XP level 5. HP: 34/45 MP: 5/5
  2048 | D:3      | Noticed Natasha
  2065 | D:3      | Killed Natasha
  2324 | D:4      | Reached skill level 8 in Bows
  2356 | D:5      | Entered Level 5 of the Dungeon
  2479 | D:4      | Found a staircase to the Ecumenical Temple.
  2486 | Temple   | Entered the Ecumenical Temple
  2501 | Temple   | Became a worshipper of Makhleb the Destroyer
  3267 | D:2      | Reached XP level 6. HP: 48/52 MP: 6/6
  3374 | D:4      | Found a hazy altar of Hepliaklqana.
  3395 | D:4      | Noticed Frank's ghost (amateur OpFi)
  3955 | D:4      | Reached skill level 9 in Bows
  4599 | D:4      | Killed Frank's ghost
  4599 | D:4      | Reached skill level 10 in Bows
  4599 | D:4      | Reached XP level 7. HP: 11/60 MP: 7/7
  4920 | D:5      | Reached skill level 5 in Fighting
  5499 | D:4      | Reached * piety under Makhleb
  5670 | D:5      | Reached skill level 1 in Polearms
  6283 | D:5      | Reached XP level 8. HP: 69/69 MP: 8/8
  6322 | D:5      | Reached skill level 11 in Bows
  6577 | D:5      | Reached ** piety under Makhleb
  6647 | D:5      | Reached skill level 1 in Armour
  6701 | D:5      | Found Ijeydgh's General Store.
  6704 | D:5      | Bought a potion of curing for 42 gold pieces
  6704 | D:5      | Bought a +2 ring of evasion for 140 gold pieces
  6863 | D:5      | Found a radiant altar of Vehumet.
  7267 | D:6      | Reached skill level 12 in Bows
  7774 | D:6      | Reached XP level 9. HP: 77/77 MP: 9/9
  7798 | D:6      | Reached *** piety under Makhleb
  8327 | D:7      | Found a stormy altar of Qazlal.
  8548 | D:7      | Reached skill level 13 in Bows
  8793 | D:7      | Noticed Joseph
  8845 | D:7      | Reached **** piety under Makhleb
  8915 | D:7      | Killed Joseph
  9290 | D:7      | Noticed a moth of wrath
  9293 | D:7      | Found a bloodstained altar of Trog.
  9476 | D:7      | Reached XP level 10. HP: 86/86 MP: 10/10
  9894 | D:8      | Reached skill level 14 in Bows
 10332 | D:9      | Noticed a two-headed ogre
 10383 | D:8      | Reached skill level 1 in Invocations
 10384 | D:8      | Reached skill level 5 in Polearms
 10639 | D:9      | Found a staircase to the Lair.
 10697 | D:9      | Noticed a two-headed ogre
 10749 | D:9      | Killed a two-headed ogre
 10801 | D:9      | Found Wocez's Gadget Shoppe.
 10863 | D:9      | Killed a two-headed ogre
 11074 | D:9      | Reached skill level 15 in Bows
 11230 | D:9      | Found an opulent altar of Gozag.
 11417 | D:9      | Reached XP level 11. HP: 92/94 MP: 13/13
 11442 | D:9      | Reached ***** piety under Makhleb
 11498 | D:9      | Found an iron altar of Okawaru.
 11502 | D:9      | Found a shadowy altar of Dithmenos.
 11624 | D:10     | Entered Level 10 of the Dungeon
 11956 | D:10     | HP: 2/95 [cyclops/large rock (19)]
 11967 | D:10     | Hit by a large rock thrown by a cyclops

Skill      XL: |  1  2  3  4  5  6  7  8  9 10 11 |
---------------+----------------------------------+-----
Bows           | 6 7 8 10 12 13 15 | 15.4
Fighting       | 3 4 5 6 7 8 |  8.6
Polearms       | 1 3 4 5 6 |  6.1
Armour         | 1 3 4 |  4.8
Invocations    | 3 4 |  4.0
Dodging        | |  1.3
Stealth        | |  0.4

Action                   |  1- 3 |  4- 6 |  7- 9 | 10-12 || total
-------------------------+-------+-------+-------+-------++-------
Melee: Short sword       |    97 |   128 |    19 |       ||   244
       Kick              |    18 |    25 |    54 |     6 ||   103
       Halberd           |       |       |   282 |    38 ||   320
 Fire: Shortbow          |    20 |   106 |   229 |   382 ||   737
Throw: Tomahawk          |       |       |     3 |       ||     3
  Use: Scroll            |       |       |    17 |     3 ||    20
       Potion            |       |       |     4 |     1 ||     5
  Eat: Chunk             |     1 |     7 |     9 |     6 ||    23
       Fruit             |       |       |     5 |       ||     5
Armor: Leather armour    |    26 |       |       |       ||    26
       Ring mail         |    24 |    59 |       |       ||    83
       Chain mail        |       |    14 |   326 |    77 ||   417
Dodge: Dodged            |    55 |    65 |   159 |    48 ||   327
